 Seeded DCSS version 0.23.2 (webtiles) character file.

Game seed: 97667173627

35 Kranky the Magician (level 3, 25/25 HPs)
             Began as a Gnoll Wizard on Oct 30, 2019.
             Quit the game on level 1 of the Dungeon.
             The game lasted 00:03:54 (1134 turns).

Kranky the Magician (Gnoll Wizard)                  Turns: 1134, Time: 00:03:55

Health: 25/25      AC:  0    Str: 10    XL:     3   Next: 33%
Magic:  11/11      EV: 14    Int: 20    God:
Gold:   61         SH:  0    Dex: 13    Spells: 15/16 levels left

rFire    . . .     SeeInvis .   o - +2 short sword (drain)
rCold    . . .     Gourm    .   (no shield)
rNeg     . . .     Faith    .   j - -2 robe (curse)
rPois    .         Spirit   .   b - +0 hat
rElec    .         Reflect  .   (no cloak)
rCorr    .         Harm     .   (no gloves)
MR       .....                  (no boots)
Stlth    +++.......             (no amulet)
HPRegen  0.08/turn              (no ring)
MPRegen  0.12/turn              (no ring)

@: no status effects
A: distributed training, fangs 1, strong nose
a: no special abilities


You were on level 1 of the Dungeon.
You were hungry.

You visited 1 branch of the dungeon, and saw 1 of its levels.

You collected 61 gold pieces.

Inventory:

Hand Weapons
 h - a +0 hunting sling
 k - a +0 dagger
 o - a +2 short sword of draining (weapon)
Missiles
 i - 30 sling bullets
Armour
 a - a +0 robe
 b - a +0 hat (worn)
 j - a cursed -2 robe (worn)
Scrolls
 c - 4 scrolls of noise {unknown}
 e - a scroll of fear {unknown}
 m - 4 scrolls of enchant weapon {unknown}
 n - 2 scrolls of teleportation {unknown}
 p - a scroll of immolation {unknown}
Potions
 f - a potion of haste {unknown}
 l - a potion of heal wounds {unknown}
Comestibles
 d - a ration


   Skills:
 + Level 0.7 Fighting
 + Level 0.7 Short Blades
 + Level 0.7 Long Blades
 + Level 0.7 Axes
 + Level 0.7 Maces & Flails
 + Level 0.7 Polearms
 + Level 0.7 Staves
 + Level 0.7 Slings
 + Level 0.7 Bows
 + Level 0.7 Crossbows
 + Level 0.7 Throwing
 + Level 0.7 Armour
 + Level 4.5 Dodging
 + Level 4.1 Stealth
 + Level 0.7 Shields
 + Level 0.7 Unarmed Combat
 + Level 7.1 Spellcasting
 + Level 2.1 Conjurations
 + Level 0.5 Hexes
 + Level 0.5 Charms
 + Level 2.1 Summonings
 + Level 0.5 Necromancy
 + Level 2.1 Translocations
 + Level 0.5 Transmutations
 + Level 0.5 Fire Magic
 + Level 0.5 Ice Magic
 + Level 0.5 Air Magic
 + Level 0.5 Earth Magic
 + Level 0.5 Poison Magic
 + Level 0.9 Invocations
 + Level 0.7 Evocations


You had 15 spell levels left.
You knew the following spells:

 Your Spells              Type           Power        Failure   Level  Hunger
a - Magic Dart            Conj           ###.         3%          1    None

Your spell library contained the following spells:

 Spells                   Type           Power        Failure   Level  Hunger
 Blink                    Tloc           N/A          6%          2    None
 Call Imp                 Summ           ###.....     6%          2    None
 Slow                     Hex            #.......     12%         2    None
 Conjure Flame            Conj/Fire      ##......     16%         3    #......
 Mephitic Cloud           Conj/Pois/Air  ##......     19%         3    #......


Dungeon Overview and Level Annotations

Branches:
Dungeon (1/15)

Altars:


Innate Abilities, Weirdness & Mutations

Your experience applies equally to all skills.
You have very sharp teeth.
Your uncanny sense of smell can sniff out nearby items.


Message History

You see here 22 stones.
i - 30 sling bullets (gained 8)
You open the door.
You see here a ring mail.
There is an open door here.
You see here a stone.
Found a dagger.
n - 2 scrolls labeled ELEDOSKAWNEL (gained 1)
There is an open door here.
There is an open door here.
You are feeling hungry.
You open the door.
There is an open door here.
Done exploring.
Done exploring.
Unknown command.
Okay, then.
Quiver which item? (- for none, * to show all) (? for menu, Esc to quit)
Okay, then.
Are you sure you want to abandon this character and quit the game? (Confirm with "yes".)

##### #...# ##### #
########..)############...# #
.......'...'...(........#.#######
########...##############.#.....#
.......'...'....@.......#.#.#.#.#
########...####...#######...#.#..
#.### #...# #####.### ######
#.### #...# #...#.#.. .....#
#...# ##### #.#.#.#.#
(....#####.##############.#.....#
...........##..........##.#######
.....########..........##........
.....########........(.##........


There were no monsters in sight!

Vanquished Creatures
  2 dart slugs (D:1)
  A leopard gecko (D:1)
  A giant cockroach (D:1)
  4 hobgoblins (D:1)
  7 jackals (D:1)
  2 kobolds (D:1)
  A ball python (D:1)
  2 bats (D:1)
  A frilled lizard (D:1)
  3 goblins (D:1)
  3 rats (D:1)
27 creatures vanquished.

Notes
Turn   | Place    | Note
-------+----------+-------------------------------------------
     0 | D:1      | Kranky the Gnoll Wizard began the quest for the Orb.
     0 | D:1      | Reached XP level 1. HP: 13/13 MP: 8/8
   174 | D:1      | Reached XP level 2. HP: 17/19 MP: 5/10
   579 | D:1      | Reached XP level 3. HP: 19/25 MP: 7/11
  1134 | D:1      | Quit the game

Skill      XL: |  1 |
---------------+----+-----
Conjurations   | 2 |  2.1
Summonings     | 2 |  2.1
Translocations | 2 |  2.1
Fighting       | |  0.7
Short Blades   | |  0.7
Long Blades    | |  0.7
Axes           | |  0.7
Maces & Flails | |  0.7
Polearms       | |  0.7
Staves         | |  0.7
Slings         | |  0.7
Bows           | |  0.7
Crossbows      | |  0.7
Throwing       | |  0.7
Armour         | |  0.7
Dodging        | |  4.5
Stealth        | |  4.1
Shields        | |  0.7
Unarmed Combat | |  0.7
Spellcasting   | |  7.1
Hexes          | |  0.5
Charms         | |  0.5
Necromancy     | |  0.5
Transmutations | |  0.5
Fire Magic     | |  0.5
Ice Magic      | |  0.5
Air Magic      | |  0.5
Earth Magic    | |  0.5
Poison Magic   | |  0.5
Invocations    | |  0.9
Evocations     | |  0.7

Action                   || total
-------------------------++-------
Melee: Dagger            ||    20
       Bite              ||     1
 Cast: Magic Dart        ||    56
 Stab: Sleeping          ||     1
Dodge: Dodged            ||    29
